 Dungeon Crawl Stone Soup version 0.28-a0-305-g9e858e973b (webtiles) character file.

Game seed: 2231037789065095494

71 bearlyready the Cutter (level 4, -2/28 HPs)
             Began as a Kobold Cinder Acolyte on Aug 29, 2021.
             Was a High Priest of Ignis.
             Slain by an orc priest (3 damage)
             ... on level 3 of the Dungeon.
             The game lasted 00:03:52 (2458 turns).

bearlyready the Cutter (Kobold Cinder Acolyte)      Turns: 2458, Time: 00:03:52

Health: -2/28      AC:  6    Str: 12    XL:     4   Next: 47%
Magic:  5/5        EV: 13    Int: 14    God:    Ignis [*****.]
Gold:   106        SH:  0    Dex: 11    Spells: 4/5 levels left

rFire   + . .      SeeInvis .   a - -1 short sword (flame)
rCold   . . .      Faith    .   (shield restricted)
rNeg    . . .      Spirit   .   c - +0 leather armour
rPois   .          Reflect  .   h - +2 helmet
rElec   .          Harm     .   (no cloak)
rCorr   .          Rampage  .   (no gloves)
Will    .....                   (no boots)
Stlth   ++........              (no amulet)
HPRegen 0.09/turn               (no ring)
MPRegen 0.09/turn               (no ring)

@: mighty
A: small, no large weapons, nightstalker 3
a: Renounce Religion, Sea of Fire, Foxfire Swarm, Rising Flame


You were on level 3 of the Dungeon.
You worshipped Ignis.
Ignis was extremely pleased with you.
You visited 1 branch of the dungeon, and saw 3 of its levels.

You collected 106 gold pieces.

Inventory:

Hand Weapons
 a - a -1 short sword of flaming (weapon)
Missiles
 i - 2 stones
Armour
 b - a +0 robe
 c - a +0 leather armour (worn)
 h - a +2 helmet (worn)
Jewellery
 k - a ring of protection from cold
Scrolls
 d - 3 scrolls of teleportation {unknown}
 f - a scroll of fear {unknown}
 g - a scroll of fog {unknown}
 j - a scroll of magic mapping {unknown}
 l - a scroll of identify {unknown}


   Skills:
 - Level 3.2 Fighting
 - Level 4.0 Short Blades
 - Level 1.1 Spellcasting
 + Level 2.4 Conjurations
 + Level 2.8 Fire Magic


You had 4 spell levels left.
You knew the following spells:

 Your Spells              Type           Power      Damage    Failure   Level
a - Foxfire               Conj/Fire      32%        2x1d5     11%         1

Your spell library contained the following spells:

 Spells                   Type           Power      Damage    Failure   Level


Dungeon Overview and Level Annotations

Branches:
Dungeon (3/15)

Altars:
Sif Muna


Innate Abilities, Weirdness & Mutations

You are small and have problems with some larger weapons.
You are completely attuned to the shadows.


Message History

The hobgoblin hits you but does no damage.
You barely miss the hobgoblin.
The hobgoblin is severely wounded.
The hobgoblin hits you but does no damage.
You hit the hobgoblin but do no damage.
The hobgoblin is severely wounded.
The hobgoblin barely misses you.
You hit the hobgoblin. You burn the hobgoblin.
You kill the hobgoblin!
Found a shimmering blue altar of Sif Muna.
Found a stone staircase leading down.
There is a stone staircase leading down here.
An orc and an orc priest come into view.
There are monsters nearby!
An orc comes into view. It is wielding a +0 dagger.
The orc shouts!
The orc priest shouts!
The orc shouts!
The orc priest closely misses you.
You completely miss the orc priest. You hit the orc. You burn the orc.
You kill the orc!
The orc priest mumbles some strange prayers to Beogh against you.
Beogh smites you!
Found 13 gold pieces.
The orc priest looks braver for a moment.
You see here a +0 flail.
Your leather armour prevents you from hitting the orc priest.
You barely miss the orc priest.
The orc priest casts a cantrip, but nothing happens.
You barely miss the orc priest.
The orc priest calls down the wrath of Beogh upon you.
Beogh smites you!
Ouch! That really hurt!
* * * LOW HITPOINT WARNING * * *
It was a potion of might.
You feel very mighty all of a sudden. The orc priest misses you.
You hit the orc priest. You burn the orc priest.
The orc priest is heavily wounded.
The orc priest hits you with a +0 short sword.
You die...

#.##
#.#.#
#..# #.#
##.# #.#
#.# #.#
#.# #.#
#.#
#.#######
#...@oo.$
#########


You could see an orc priest and an orc.

Vanquished Creatures
  An adder (D:2)
  An orc (D:3)
  6 ball pythons
  5 endoplasms
  A giant cockroach (D:1)
  11 goblins
  5 hobgoblins
  5 jackals
  3 kobolds
  4 quokkas (D:1)
  5 bats
  2 frilled lizards
  3 rats
52 creatures vanquished.

Vanquished Creatures (others)
  61 foxfires
61 creatures vanquished.

Grand Total: 113 creatures vanquished

Notes
Turn   | Place    | Note
-------+----------+-------------------------------------------
     0 | D:1      | bearlyready the Kobold Cinder Acolyte began the quest for
                  | the Orb.
     0 | D:1      | Reached XP level 1. HP: 14/14 MP: 2/2
   250 | D:1      | Reached XP level 2. HP: 12/19 MP: 3/3
   274 | D:1      | Reached skill level 1 in Conjurations
   762 | D:1      | Reached XP level 3. HP: 23/23 MP: 4/4
   962 | D:1      | Found a faded altar of an unknown god.
  1630 | D:2      | Reached XP level 4. HP: 28/28 MP: 1/5
  2380 | D:3      | Found a shimmering blue altar of Sif Muna.
  2456 | D:3      | HP: 1/28 [orc priest/divine providence (15)]
  2458 | D:3      | Slain by an orc priest

Illustrated notes

Levels and vault maps discovered:
D:1:      dpeg_cavernosity, layout_basic, ebering_ecumenical_altar_webs,
          nrook_uturn
D:2:      layout_rooms, minmay_cut_off
D:3:      layout_loops_ring, nicolae_overflow_hidden_temple, old_standard_altar,
          serial_shops, nicolae_shop_waterfront

Skill      XL: |  1  2  3 |
---------------+----------+-----
Conjurations   | 1 2 |  2.4
Fire Magic     | 2 |  2.8
Fighting       | |  3.2
Short Blades   | |  4.0
Spellcasting   | |  1.1

Action                   |  1- 3 |  4- 6 || total
-------------------------+-------+-------++-------
Melee: Short sword       |    60 |    27 ||    87
 Cast: Foxfire           |    24 |    11 ||    35
  Use: Potion            |       |     1 ||     1
 Stab: Sleeping          |     8 |     1 ||     9
Armor: Robe              |     3 |       ||     3
       Leather armour    |    11 |     5 ||    16
Dodge: Dodged            |    36 |    19 ||    55

Table legend: (Time is in decaauts)
 A = Elapsed time spent in this place.
 B = Non-inter-level travel time spent in this place.
 C = Inter-level travel time spent in this place.
 D = Time resting spent in this place.
 E = Time spent auto-exploring this place.
 F = Levels seen in this place.
 G = Mean time per level.
                   A        B        C        D        E       F      G
               +--------+--------+--------+--------+--------+-----+--------+
         Total |   2448 |   2414 |     34 |      0 |   2082 |   3 |  816.0 |
       Dungeon |   2448 |   2414 |     34 |      0 |   2082 |   3 |  816.0 |
               +--------+--------+--------+--------+--------+-----+--------+

Top non-repeatable levels by time:
     D:1: 1529 daAuts
     D:2: 815 daAuts
     D:3: 104 daAuts
